 Dungeon Crawl Stone Soup version 0.25-a0-458-g6fc7858 (webtiles) character file.

Game seed: 6177752179913134985, levelgen mode: deterministic

90 Charmandara the Vexing (level 4, -2/24 HPs)
             Began as a Deep Elf Enchanter on Feb 2, 2020.
             Slain by a gnoll shaman
             ... wielding a +0 club
              (4 damage)
             ... on level 1 of the Dungeon.
             The game lasted 00:09:15 (3118 turns).

Charmandara the Vexing (Deep Elf Enchanter)         Turns: 3118, Time: 00:09:15

Health: -2/24      AC:  2    Str:  5    XL:     4   Next: 32%
Magic:  5/11       EV: 13    Int: 21    God:
Gold:   78         SH:  0    Dex: 15    Spells: 1/10 levels left

rFire    . . .     SeeInvis .   a - +3 dagger
rCold    . . .     Gourm    .   (no shield)
rNeg     . . .     Faith    .   b - +0 robe
rPois    .         Spirit   .   (no helmet)
rElec    .         Reflect  .   (no cloak)
rCorr    .         Harm     .   (no gloves)
MR       .....                  (no boots)
Stlth    +.........             (no amulet)
HPRegen  0.08/turn              (no ring)
MPRegen  0.12/turn              (no ring)

@: glowing
A: no striking features
a: no special abilities


You were on level 1 of the Dungeon.
You were not hungry.

You visited 1 branch of the dungeon, and saw 3 of its levels.

You collected 78 gold pieces.

Inventory:

Hand Weapons
 a - a +3 dagger (weapon)
   (You found it on level 2 of the Dungeon)
Missiles
 g - 18 poisoned darts
Armour
 b - a +0 robe (worn)
 n - a cursed +0 leather armour
   (You found it on level 2 of the Dungeon)
 p - a +0 buckler
   (You found it on level 2 of the Dungeon)
Scrolls
 e - a scroll of noise {unknown}
 j - a scroll of magic mapping {!r}
 l - a scroll of teleportation
 q - a scroll of enchant armour {unknown}
Potions
 c - a potion of flight
 i - a potion of might
 k - 2 potions of curing
 o - 2 potions of haste {unknown}
Comestibles
 d - 6 rations
 f - a chunk of flesh {@w0}


   Skills:
 - Level 2.0 Short Blades
 - Level 2.4 Dodging
 * Level 4.3 Stealth
 * Level 3.7 Spellcasting
 + Level 0.0 Conjurations
 * Level 4.6 Hexes
 - Level 2.0 Ice Magic


You had one spell level left.
You knew the following spells:

 Your Spells              Type           Power        Failure   Level  Hunger
a - Ensorcelled Hibernat  Hex/Ice        ###...       4%          2    ##.....
b - Confusing Touch       Hex            ###.....     5%          3    ###....
c - Dazzling Flash        Conj/Hex       ##....       14%         3    ###....
v - Corona                Hex            ###....      1%          1    None

Your spell library contained the following spells:

 Spells                   Type           Power        Failure   Level  Hunger
 Tukima's Dance           Hex            ###.....     5%          3    ###....


Dungeon Overview and Level Annotations

Branches:
Dungeon (3/15)

Altars:

Annotations:
D:3 Robin


Message History

Aim: a rat (chance to defeat MR: 65%)
The rat looks drowsy...
You now have 9/11 mp.
Unknown command.
The helpless rat fails to defend itself.
You impale the rat!!
You kill the rat!
o - 2 emerald potions (gained 1)
You now have 66 gold pieces (gained 5).
Eating one of 2 chunks of flesh {@w0}.
You eat one of the 2 chunks of flesh {@w0}.
You see here a whip.
d - 6 rations (gained 1) All of the chunks of flesh in your inventory have rotted away.
The rat is too close now for your liking.
MP restored: 11 A rat is nearby!
The rat closely misses you.
Aim: a rat (chance to defeat MR: 65%)
The rat looks drowsy...
You now have 9/11 mp.
The helpless rat fails to defend itself.
You impale the rat!!
You kill the rat!
You now have 78 gold pieces (gained 12).
Found a stone staircase leading down.
MP restored: 11 A rat comes into view.
The helpless rat fails to defend itself.
You impale the rat!!
You kill the rat!
You see here a rat corpse.
You butcher the rat corpse.
f - a chunk of flesh {@w0} You see here a rat skeleton.
The gnoll is too close now for your liking.
There is a stone staircase leading down here.
A gnoll is nearby!
The gnoll shouts!
The gnoll shaman shouts!
You hear a shout!
A bat comes into view.
The bat barely misses you. The bat hits you but does no damage.
Aim: a bat (chance to defeat MR: 65%)
The bat looks drowsy...
You now have 9/11 mp.
The helpless bat fails to defend itself.
You impale the bat!!
You kill the bat!
The gnoll shaman mumbles some strange prayers to its god against you.
You are outlined in light.
Aim: a gnoll shaman, wielding a +0 club and wearing a +0 leather armour (chance to defeat MR: 49%)
The gnoll shaman looks drowsy...
You now have 8/11 mp.
The helpless gnoll shaman fails to defend itself.
You puncture the gnoll shaman! The gnoll shaman misses you.
The gnoll misses you.
Unknown command.
You closely miss the gnoll shaman.
The gnoll shaman mumbles some strange prayers to its god.
The gnoll shaman is healed somewhat.
You barely miss the gnoll shaman. The gnoll closely misses you.
The gnoll shaman hits you with a +0 club!
You take 9 damage, and have 15/24 hp.
MASSIVE DAMAGE!!
Aim: a gnoll, wielding a +0 halberd and wearing an uncursed amulet of rage (chance to defeat MR: 57%)
The gnoll shaman is unaffected.
The gnoll misses you.
You now have 6/11 mp.
Unknown command.
Aim: a gnoll, wielding a +0 halberd and wearing an uncursed amulet of rage (chance to defeat MR: 57%)
The gnoll shaman is unaffected.
The gnoll shaman hits you with a +0 club.
The gnoll evokes its amulet.
The gnoll goes berserk!
You take 3 damage, and have 12/24 hp.
You now have 4/11 mp.
The gnoll rages.
You hear a shout!
The gnoll shaman calls upon its god to speed up the gnoll.
The gnoll seems to speed up.
You are no longer glowing.
The gnoll rages.
There is a stone staircase leading up here.
The gnoll rages.
The gnoll shaman calls down the wrath of its god upon you.
You are outlined in light.
You climb upwards.
There is a stone staircase leading down here.
Unknown command.
Unknown command.
Aim: a gnoll shaman, wielding a +0 club and wearing a +0 leather armour (moderately wounded, chance to defeat MR: 49%)
The gnoll shaman resists with some effort.
The gnoll shaman hits you with a +0 club!
* * * LOW HITPOINT WARNING * * *
You take 11 damage, and have 2/24 hp.
MASSIVE DAMAGE!!
You now have 5/11 mp.
As you read the scroll labeled TER KIWIENWI, it crumbles to dust.
You feel momentarily disoriented.
It was a scroll of magic mapping.
The gnoll shaman hits you with a +0 club.
You die...

..............#
.........######
.........###########
...................#
.........>.........#
...#####...........#
...# #...........#
...# #...........#
...# #........@).#
...# #.........g.#
...# #...........#
...# #...........#
...# #......(....#
...# #...........#
...# ###########.##
...# #..# ...# ##.##


You could see a gnoll shaman.

Vanquished Creatures
  A gnoll (D:1)
  An adder (D:2)
  A worm (D:2)
  3 dart slugs (D:1)
  3 leopard geckos
  3 giant cockroaches
  13 goblins
  6 hobgoblins
  4 kobolds (D:1)
  A quokka (D:2)
  2 ball pythons
  3 bats
  6 frilled lizards
  10 rats
57 creatures vanquished.

Notes
Turn   | Place    | Note
-------+----------+-------------------------------------------
     0 | D:1      | Charmandara the Deep Elf Enchanter began the quest for the
                  | Orb.
     0 | D:1      | Reached XP level 1. HP: 10/10 MP: 6/6
   220 | D:1      | Reached skill level 2 in Short Blades
   477 | D:1      | Reached XP level 2. HP: 15/15 MP: 8/8
   516 | D:1      | Learned a level 2 spell: Ensorcelled Hibernation
   705 | D:1      | HP: 3/15 [goblin/+0 club (5)]
  1301 | D:1      | Reached XP level 3. HP: 18/19 MP: 9/9
  1306 | D:1      | Learned a level 3 spell: Confusing Touch
  1320 | D:1      | Reached skill level 1 in Ice Magic
  1419 | D:1      | Reached skill level 4 in Stealth
  2224 | D:1      | Learned a level 3 spell: Dazzling Flash
  2472 | D:3      | Noticed Robin
  2485 | D:3      | Reached XP level 4. HP: 20/24 MP: 2/11
  2775 | D:2      | Reached skill level 2 in Ice Magic
  3117 | D:1      | HP: 2/24 [gnoll shaman/+0 club (11)]
  3118 | D:1      | Slain by a gnoll shaman

Levels and vault maps discovered:
D:1:      minmay_arrival_checkered_box, layout_basic, minmay_fountain_box,
          minivault_27
D:2:      layout_loops_cross
D:3:      layout_loops_corners, lemuel_crystal_altar, yredelemnul_altar_generic,
          ebering_ghost_sewer_d, serial_forest, infiniplex_forest_diagonal,
          infiniplex_forest_clump_medium, infiniplex_forest_split,
          infiniplex_forest_3_way, infiniplex_forest_clump_small,
          infiniplex_forest_lined_2, infiniplex_forest_corner_1,
          kennysheep_generic_room_3, uniq_robin

Skill      XL: |  1  2  3  4 |
---------------+-------------+-----
Short Blades   | 2 |  2.0
Ice Magic      | 1 2 |  2.0
Stealth        | 4 |  4.3
Dodging        | |  2.4
Spellcasting   | |  3.7
Hexes          | |  4.6

Action                   |  1- 3 |  4- 6 || total
-------------------------+-------+-------++-------
Melee: Dagger            |   147 |    23 ||   170
 Cast: Corona            |     7 |       ||     7
       Ensorcelled Hiber |    26 |    12 ||    38
  Use: Scroll            |     4 |     3 ||     7
 Stab: Sleeping          |    27 |     8 ||    35
  Eat: Chunk             |     6 |     2 ||     8
Armor: Robe              |    20 |     3 ||    23
Dodge: Dodged            |    81 |    25 ||   106

Table legend:
 A = Non-vault XP
 B = Vault XP
 C = Vault XP percentage of total XP
 D = Non-vault monster count
 E = Vault monster count
 F = Vault count percentage of total count
                 A         B        C        D         E       F
            +---------+---------+-------+---------+---------+-------
      Total |     120 |       9 |   7.0 |      52 |       5 |   8.8
            +---------+---------+-------+---------+---------+-------
        D:1 |      70 |       0 |   0.0 |      32 |       0 |   0.0
        D:2 |      50 |       2 |   3.8 |      20 |       1 |   4.8
        D:3 |       0 |       7 | 100.0 |       0 |       4 | 100.0
            +---------+---------+-------+---------+---------+-------

Levels and vault maps discovered:
D:1:      minmay_arrival_checkered_box, layout_basic, minmay_fountain_box,
          minivault_27
D:2:      layout_loops_cross
D:3:      layout_loops_corners, lemuel_crystal_altar, yredelemnul_altar_generic,
          ebering_ghost_sewer_d, serial_forest, infiniplex_forest_diagonal,
          infiniplex_forest_clump_medium, infiniplex_forest_split,
          infiniplex_forest_3_way, infiniplex_forest_clump_small,
          infiniplex_forest_lined_2, infiniplex_forest_corner_1,
          kennysheep_generic_room_3, uniq_robin

Table legend:
 A = Turns spent in this place as a percentage of turns spent in the entire game.
 B = Non-inter-level travel turns spent in this place as a percentage of non-inter-level travel turns spent in the entire game.
 C = Inter-level travel turns spent in this place as a percentage of turns spent in this place.
 D = Turns resting spent in this place as a percentage of non-inter-level travel turns spent in this place.
 E = Turns spent auto-exploring this place as a percentage of non-inter-level travel turns spent in this place.
 F = Non-inter-level travel turns spent in this place divided by the number of levels of this place that you've seen.
                   A       B       C       D       E      F
               +-------+-------+-------+-------+-------+----------------------
         Total | 100.0 | 100.0 |   5.4 |  44.5 |  29.4 | 983.0
       Dungeon | 100.0 | 100.0 |   5.4 |  44.5 |  29.4 | 983.0
               +-------+-------+-------+-------+-------+----------------------

Table legend:
 A = Kills in this place as a percentage of kills in entire the game.
 B = Kills by you in this place as a percentage of kills by you in the entire game.
 C = Kills by friends in this place as a percentage of kills by friends in the entire game.
 D = Other kills in this place as a percentage of other kills in the entire game.
 E = Experience gained in this place as a percentage of experience gained in the entire game.
 F = Experience gained in this place divided by the number of levels of this place that you have seen.
                   A       B       C       D       E      F
               +-------+-------+-------+-------+-------+----------------------
         Total | 100.0 | 100.0 |   N/A |   N/A | 100.0 |  43.0
       Dungeon | 100.0 | 100.0 |   N/A |   N/A | 100.0 |  43.0
               +-------+-------+-------+-------+-------+----------------------
